 Dungeon Crawl Stone Soup version 0.27.1-33-g824d729ab1 (webtiles) character file.

Game seed: 3718915660728414039

33 riftmaster1123 the Skirmisher (level 3, 0/29 HPs)
             Began as a Demonspawn Berserker on Nov 25, 2021.
             Was a Follower of Trog.
             Succumbed to an adder's poison
             ... on level 2 of the Dungeon.
             The game lasted 00:09:35 (1403 turns).

riftmaster1123 the Skirmisher (DsBe)                Turns: 1403, Time: 00:09:36

Health: 0/29       AC:  5    Str: 18    XL:     3   Next: 12%
Magic:  3/3        EV: 13    Int:  8    God:    Trog [*.....]
Gold:   80         SH:  0    Dex: 12    Spells: 2/2 levels left

rFire    . . .     SeeInvis .   a - +0 hand axe
rCold    . . .     Faith    .   (no shield)
rNeg     . . .     Spirit   .   e - +0 ring mail
rPois    .         Reflect  .   (no helmet)
rElec    .         Harm     .   (no cloak)
rCorr    .         Rampage  .   (no gloves)
Will     .....                  (no boots)
Stlth    +.........             (no amulet)
HPRegen  0.09/turn              (no ring)
MPRegen  0.08/turn              (no ring)

@: brilliant, lethally poisoned (0 -> -3)
A: repulsion field 1, demonic magic 1
a: Renounce Religion, Berserk


You were on level 2 of the Dungeon.
You worshipped Trog.
Trog was aware of your devotion.
You visited 1 branch of the dungeon, and saw 2 of its levels.

You collected 80 gold pieces.

Inventory:

Hand Weapons
 a - a +0 hand axe (weapon)
Missiles
 l - 2 throwing nets (quivered)
Armour
 b - a +0 animal skin
 e - a +0 ring mail (worn)
Jewellery
 i - an amulet of the acrobat
Scrolls
 d - 2 scrolls of fog {unknown}
 f - a scroll of vulnerability {unknown}
 g - a scroll of teleportation {unknown}
 m - a scroll of acquirement {unknown}
Potions
 c - a potion of lignification {unknown}
 h - a potion of magic {unknown}
 k - a potion of mutation {unknown}


   Skills:
 + Level 3.4 Fighting
 + Level 3.1 Axes
 * Level 2.3 Armour
 * Level 1.8 Dodging


You had 2 spell levels left.
You didn't know any spells.
Your spell library was empty.

Dungeon Overview and Level Annotations

Branches:
Dungeon (2/15)

Altars:

Shops:
D:2 *


Innate Abilities, Weirdness & Mutations

You are surrounded by a mild repulsion field. (EV +2)
Spells you cast may paralyse adjacent enemies.


Message History

You feel sick. The adder misses you. The adder barely misses you.
You barely miss the adder.
The adder is heavily wounded.
You feel sick. The adder misses you. The adder barely misses you.
You closely miss the adder.
The adder is heavily wounded.
You feel sick.
You are no longer poisoned.
The adder closely misses you.
You miss the adder.
The adder is heavily wounded.
The adder bites you but does no damage. The adder completely misses you.
You hit the adder.
The adder is severely wounded.
The adder bites you.
You barely miss the adder.
The adder is severely wounded.
The adder closely misses you. The adder bites you but does no damage.
You miss the adder.
The adder is severely wounded.
The adder bites you.
* * * LOW HITPOINT WARNING * * *
You barely miss the adder.
The adder is severely wounded.
The adder bites you.
* * * LOW HITPOINT WARNING * * *
You are lethally poisoned!
The adder poisons you! The adder misses you.
You closely miss the adder.
The adder is severely wounded.
* * * LOW HITPOINT WARNING * * *
You feel sick. The adder closely misses you.
You closely miss the adder.
The adder is severely wounded.
* * * LOW HITPOINT WARNING * * *
You feel sick. The adder bites you but does no damage.
The adder closely misses you.
It was a potion of brilliance.
You feel clever all of a sudden.
You die...

##.# ##+## #.# #...##
#.# # .....## ## #.#
.# ......##
##.###.##.##
.......####..........
.##.....##.........
.#..≈≈≈..##....#S#
.#.≈≈≈≈≈.# #.†@#
.#.≈≈≈≈≈.# #..##
##.≈≈≈≈≈.# #..###.#
#..≈≈≈..# #......#
#≈..∩..≈# ##.#####
########## #.#
...##### #.#
#......########.#
...............)#


You could see an adder.

Vanquished Creatures
  An adder (D:2)
  2 dart slugs (D:1)
  3 goblins (D:1)
  A hobgoblin (D:1)
  2 kobolds
  A quokka (D:2)
  3 ball pythons
  2 bats
  4 frilled lizards
  3 rats
22 creatures vanquished.

Notes
Turn   | Place    | Note
-------+----------+-------------------------------------------
     0 | D:1      | riftmaster1123 the Demonspawn Berserker began the quest for
                  | the Orb.
     0 | D:1      | Reached XP level 1. HP: 18/18 MP: 1/1
   412 | D:1      | Found a faded altar of an unknown god.
   495 | D:1      | Gained mutation: Spells you cast may paralyse adjacent
                  | enemies. [demonic ancestry]
   495 | D:1      | Reached XP level 2. HP: 20/24 MP: 2/2
  1299 | D:2      | Gained mutation: You are surrounded by a mild repulsion
                  | field. (EV +2) [demonic ancestry]
  1299 | D:2      | Reached XP level 3. HP: 13/29 MP: 3/3
  1308 | D:2      | Found Gefaseol's Assorted Antiques.
  1402 | D:2      | HP: 1/29 [poisoned by an adder]
  1403 | D:2      | Succumbed to an adder's poison

Illustrated notes

Levels and vault maps discovered:
D:1:      co_arrival_square_in_a_square_in_a_square, layout_loops_ring,
          hellmonk_ecumenical_altar_pennies_from_heaven
D:2:      layout_loops_corners, serial_shops, nicolae_lakefront_shop

Skill      XL: |  1  2 |
---------------+-------+-----
Axes           | 3 |  3.1
Armour         | 2 |  2.3
Fighting       | |  3.4
Dodging        | |  1.8

Action                   || total
-------------------------++-------
Melee: Hand axe          ||    77
Invok: Berserk           ||     1
  Use: Potion            ||     1
Armor: Ring mail         ||    27
       Animal skin       ||     1
Dodge: Dodged            ||    66
